cohdb
Replays
Latest Replays
All Replays
Popular Replays
Top Player Replays
Match Explorer
How It Works
Community
CoH3 Stats
Reddit
Sign in to upload your games and track your stats! →
Sign in with Steam
MG spam - WEHR
Match 9386198
Overview
Messages
Build Orders
End
Construct Barracks
Riflemen Squad
Riflemen Squad
Riflemen Squad
M1 Mortar Team
M1 Mortar Team
Infantry Support Center
Grenade Package
Construct Motor Pool
Selects Armored Battlegroup
Selects Veteran Crews
Selects Fast Deploy
Selects Seek and Destroy
M8 Greyhound Armored Car
Speedbird
Cheezus
0
0
Comments
sign in to comment!
No comments posted yet!